[Event "Late-Titled-Tuesday-Blitz-October-03-2023"]
[Site "Chess.com"]
[Date "2023.10.03"]
[Round "8"]
[White "HajiyevKanan"]
[Black "RIPOL"]
[Result "0-1"]
[WhiteElo "2533"]
[BlackElo "2444"]
[TimeControl "180+1"]
[EndTime "15:24:55 PDT"]
[Termination "RIPOL won by checkmate"]

1. d4 Nf6 2. c4 e6 3. Nf3 d5 4. cxd5 exd5 5. Nc3 Bb4 6. Qa4+ Nc6 7. Bg5 h6 8. Bxf6 Qxf6 9. e3 O-O 10. a3 Bxc3+ 11. bxc3 b6 12. Bd3 Na5 13. O-O Qd6 14. Ne5 c5 15. Qc2 Nc6 16. f4 Ne7 17. a4 f6 18. Nf3 Bg4 19. Nh4 Rac8 20. h3 Be6 21. Qd2 Qd7 22. Rfe1 Nf5 23. Nxf5 Bxf5 24. dxc5 Rxc5 25. Bb5 Qe7 26. Rac1 Rfc8 27. Ba6 R8c7 28. Qd4 Be4 29. Red1 Qf7 30. Kh2 Qg6 31. Rd2 h5 32. c4 h4 33. Bb5 Kh7 34. Rf2 dxc4 35. f5 Qg3+ 36. Kg1 Bd3 37. Rf4 Rxf5 38. Rxh4+ Kg8 39. Qd8+ Kf7 40. Rg4 Qxe3+ 41. Kh2 Qe5+ 42. Rg3 Rg5 43. Kh1 Rxg3 44. Kh2 Re3+ 45. Kh1 Re2 46. Re1 Rxe1# 0-1

[Event "Late-Titled-Tuesday-Blitz-October-03-2023"]
[Site "Chess.com"]
[Date "2023.10.03"]
[Round "8"]
[White "Dr_crypt"]
[Black "Brown_Mamba24"]
[Result "0-1"]
[WhiteElo "2429"]
[BlackElo "2644"]
[TimeControl "180+1"]
[EndTime "15:24:56 PDT"]
[Termination "Brown_Mamba24 won on time"]

1. Nf3 c5 2. e3 Nc6 3. d4 cxd4 4. exd4 d5 5. h3 Nf6 6. Bd3 g6 7. c3 Bf5 8. Bxf5 gxf5 9. Qd3 e6 10. g4 fxg4 11. hxg4 Nxg4 12. Rxh7 Rxh7 13. Qxh7 Qf6 14. Qd3 Bh6 15. Bxh6 Qxh6 16. Nbd2 O-O-O 17. Qe2 Qh1+ 18. Qf1 Qh7 19. O-O-O e5 20. Nxe5 Ncxe5 21. dxe5 Nxe5 22. Nb3 Nc4 23. Qd3 Qe4 24. f3 Qf4+ 25. Kb1 Ne5 26.
Qe2 Nxf3 27. Qf2 b6 28. Ka1 Rh8 29. Nd4 Rh3 30. Rf1 Qd2 31. a4 Qxf2 32. Rxf2 Rh1+ 33. Ka2 Ne5 34. Rf5 Re1 35. Nf3 Nxf3 36. Rxf3 Re7 37. Rf5 Rd7 38. Kb3 Kc7 39. Kb4 Kc6 40. a5 bxa5+ 41.
Kxa5 Kc5 42. Rf4 Rb7 43. b4+ Kd6 44. Rf6+ Ke5 45. Rc6 f5 46. Ka6 Rf7 47. b5 f4 0-1

[Event "Late-Titled-Tuesday-Blitz-October-03-2023"]
[Site "Chess.com"]
[Date "2023.10.03"]
[Round "8"]
[White "GAusal"]
[Black "leoduarte"]
[Result "1/2-1/2"]
[WhiteElo "2279"]
[BlackElo "2423"]
[TimeControl "180+1"]
[EndTime "15:24:56 PDT"]
[Termination "Game drawn by repetition"]

1. d4 Nf6 2. Nf3 d5 3. Bf4 e6 4. e3 Bd6 5. Ne5 O-O 6. c3 c5 7.
Nd2 Qc7 8. Bd3 Nc6 9. Ndf3 cxd4 10. exd4 Ne4 11. Bg3 Ne7 12. Qe2 f6 13. Ng4 Bd7 14.
Bxd6 Nxd6 15. O-O Rae8 16. Rfe1 Ng6 17. Qc2 Ne4 18. Ne3 Bc6 19. b4 Nf4 20. h3 Ba4 21. Qxa4 Nxd3 22. Rf1 Qxc3 23. Rab1 Nf4 24. Qxa7 Ra8 25.
Qxb7 Rxa2 26. Rbe1 Nd3 27. Nxd5 exd5 28. Qxd5+ Kh8 29.
Rxe4 Nxb4 30. Qd6 Rfa8 31. Re7 Nd3 32. Qe6 Qc8 33. Qf7 Qg8 34. Qxg8+ Kxg8 35. Rb1 Ra1 36. Rxa1 Rxa1+ 37. Kh2 Nxf2 38. d5 Rd1 39. Rd7 Nd3 40. Nd4 Ne5 41. Rd8+ Kf7 42. Ne6 Rxd5 43.
Rxd5 Kxe6 44. Ra5 h6 45. Ra6+ Kf5 46. Ra7 g6 47. Ra5 h5 48. Ra6 Kg5 49. Ra5 Kf5 50.
Ra6 Kg5 51. Ra5 Kf5 1/2-1/2

[Event "Late-Titled-Tuesday-Blitz-October-03-2023"]
[Site "Chess.com"]
[Date "2023.10.03"]
[Round "8"]
[White "Hirna2005"]
[Black "Deeper44"]
[Result "0-1"]
[WhiteElo "2293"]
[BlackElo "2540"]
[TimeControl "180+1"]
[EndTime "15:24:57 PDT"]
[Termination "Deeper44 won on time"]

1. e4 e6 2. d4 d5 3. e5 c5 4. c3 Nc6 5. Be3 Qb6 6. Qd2 Bd7 7.
Nf3 Rc8 8. dxc5 Bxc5 9. Bxc5 Qxc5 10. Bd3 a5 11. Qg5 g6 12. O-O h6 13. Qf4 g5 14.
Qg3 Nge7 15. h4 Rg8 16. hxg5 hxg5 17. Nxg5 d4 18. Re1 Nd5 19. Ne4 Rxg3 20. Nxc5 Rg5 21. cxd4 Nxd4 22. Nxb7 Rb8 23. Nd6+ Ke7 24. Be4 Nf4 25.
Kf1 Rxe5 26. Nc4 Rc5 27. Nbd2 Bb5 28. b3 f5 29. g3 Nh3 30. Bg2 Ng5 31. Rac1 Rbc8 32.
a4 Ba6 33. Rc3 Nxb3 34. Rxb3 Rxc4 35. Nxc4 Bxc4+ 36. Kg1 Bxb3 37. Rb1 Rc3 38. Bf1 Nf3+ 39. Kg2 Nd2 40. Rb2 Bd5+ 41. Kg1 Nf3+ 42. Kg2 Ng5+ 43. Kh2 Ne4 0-1

[Event "Late-Titled-Tuesday-Blitz-October-03-2023"]
[Site "Chess.com"]
[Date "2023.10.03"]
[Round "8"]
[White "Dhaydon19"]
[Black "Mikedannnn"]
[Result "0-1"]
[WhiteElo "2729"]
[BlackElo "2569"]
[TimeControl "180+1"]
[EndTime "15:25:02 PDT"]
[Termination "Mikedannnn won by resignation"]

1. d4 c5 2. d5 g6 3. e4 Bg7 4.
Nf3 d6 5. h3 Nf6 6. Bd2 Nxe4 7.
Bc1 O-O 8. Be2 e6 9. dxe6 Bxe6 10. O-O d5 11. c3 Nc6 12. Re1 Re8 13. Na3 a6 14. Nc2 b5 15. Be3 Rb8 16. a3 a5 17. Bd3 b4 18. axb4 axb4 19. Ra6 Qc8 20. cxb4 Nxb4 21. Nxb4 Rxb4 22. Ra7 Rxb2 23. Bxe4 dxe4 24.
Ng5 Bb3 25. Qd6 h6 26. Bc1 hxg5 27. Bxb2 Bxb2 28. Rc7 Qb8 29. Qxc5 Bd4 30. Qc6 Kg7 31. Rb1 e3 32. fxe3 Rxe3 33. Kh1 Qb4 34. Rf1 Re1 35. Qf3 Rxf1+ 36. Qxf1 Be5 37. Rc1 Bd5 38. Rd1 Qb3 39. Rd3 Qc4 40. Qe2 Qf4 41. Kg1 Qh2+ 42. Kf1 Bg3 43.
Rxg3 Qxg3 44. Qb2+ Kh7 45. Qe5 Qxe5 0-1

[Event "Late-Titled-Tuesday-Blitz-October-03-2023"]
[Site "Chess.com"]
[Date "2023.10.03"]
[Round "8"]
[White "FaustinoOro"]
[Black "Bilan_Danila"]
[Result "0-1"]
[WhiteElo "2838"]
[BlackElo "2551"]
[TimeControl "180+1"]
[EndTime "15:25:03 PDT"]
[Termination "Bilan_Danila won on time"]

1. Nf3 d5 2. e3 Nf6 3. b3 c5 4. Bb2 Nc6 5. Bb5 Qb6 6. a4 a6 7.
Bxc6+ Qxc6 8. O-O g6 9. Ne5 Qc7 10. d4 Bg7 11. Nd2 O-O 12. h3 Bf5 13. c4 Rfd8 14.
Rc1 cxd4 15. Bxd4 dxc4 16. Ndxc4 Rac8 17. Qe2 Nd5 18. Qb2 Qb8 19. Rfd1 Nb4 20. Bc3 Nd5 21. Bd4 Nb4 22. Nb6 Rxc1 23. Rxc1 f6 24. Bc3 Nd5 25. Nxd5 Rxd5 26. Nf3 Be4 27. Nd2 Bd3 28. Bb4 Qd8 29. Qc3 Kf7 30. a5 Bb5 31.
e4 Rd3 32. Qc2 e6 33. Nf1 f5 34. exf5 gxf5 35. Bc5 Qd5 36. Bb4 Bc6 37. Ne3 Qxb3 38. Qc5 Bh6 39. Qe7+ Kg6 40. Bc5 Bxe3 41. fxe3 Rxe3 42.
Qf8 Rg3 43. Qg8+ Kf6 0-1

[Event "Late-Titled-Tuesday-Blitz-October-03-2023"]
[Site "Chess.com"]
[Date "2023.10.03"]
[Round "8"]
[White "pedromartinez91"]
[Black "Zurability"]
[Result "0-1"]
[WhiteElo "2567"]
[BlackElo "2718"]
[TimeControl "180+1"]
[EndTime "15:25:04 PDT"]
[Termination "Zurability won by resignation"]

1. d4 Nf6 2. c4 e6 3. Nc3 d5 4. cxd5 exd5 5. Bg5 c6 6. e3 h6 7. Bh4 Be7 8. Bd3 O-O 9. Nf3 a5 10. h3 Re8 11. Qc2 Na6 12. a3 Nc7 13. Rb1 Ne4 14.
Bxe7 Qxe7 15. Bxe4 dxe4 16. Nd2 Bf5 17. O-O Qg5 18.
Kh2 Nd5 19. Nxd5 cxd5 20. Rbc1 Re6 21. Qc7 Rg6 22. Rg1 Raa6 23. g4 Qh4 24. Qg3 Qxg3+ 25. fxg3 Bd7 26. Rc5 Bc6 27. Rgc1 Rb6 28. b3 Ra6 29. Kg2 Kf8 30. R1c2 Ke7 31. b4 axb4 32.
axb4 Ra3 33. b5 Bd7 34. Rxd5 Rxe3 35. Nc4 Rb3 36. Ne5 Rd6 37. Rxd6 Kxd6 38. Nxf7+ Kd5 39. g5 Bxb5 40. gxh6 gxh6 41. Nxh6 e3 42. Nf5 e2 43. Kf2 Rf3+ 44. Kxf3 e1=Q 45. Rc5+ Ke6 46. g4 Qe2+ 47. Kf4 Kf6 48. g5+ Kg6 49. Nh4+ Kf7 50. g6+ Kg7 51. Rc7+ Kg8 52. Rc8+ Kg7 53. Rc6 Bxc6 0-1

[Event "Late-Titled-Tuesday-Blitz-October-03-2023"]
[Site "Chess.com"]
[Date "2023.10.03"]
[Round "8"]
[White "rdarruda"]
[Black "Mesa_1"]
[Result "1-0"]
[WhiteElo "2487"]
[BlackElo "2599"]
[TimeControl "180+1"]
[EndTime "15:25:04 PDT"]
[Termination "rdarruda won by resignation"]

1. Nf3 Nf6 2. d4 g6 3. Nc3 Bg7 4. e4 d6 5. Bg5 O-O 6. Qd2 a6 7. O-O-O Nc6 8. Bh6 Bg4 9. Bxg7 Kxg7 10. Be2 Bxf3 11.
Bxf3 e5 12. dxe5 dxe5 13. Qe3 Nd4 14. Ne2 c5 15. c3 Qc7 16. Kb1 Nxf3 17. Qxf3 c4 18.
Rd2 Rfd8 19. Rhd1 Rxd2 20. Rxd2 Qc6 21. Ng3 h5 22. h4 b5 23. Qe3 Kh7 24. f3 a5 25. Qg5 Re8 26. a3 b4 27. axb4 axb4 28. cxb4 Qa6 29. Ne2 Qb6 30. Nc3 Re6 31. b5 Qg1+ 32.
Kc2 Qc5 33. Rd1 Qb4 34. Rd8 Qe7 35. Ra8 Qb7 36. Ra6 Rxa6 37. bxa6 Qxa6 38. Qxe5 Ng8 39. Qd5 Kg7 40. Qe5+ Kh7 41. Qe8 Kg7 42. Qb5 Qe6 43. Qd5 Qf6 44. Qg5 Qc6 45. Nd5 Qa4+ 46. Kb1 Qd1+ 47. Qc1 Qd3+ 48. Qc2 Qf1+ 49. Ka2 Qh1 50.
Ne3 Qxh4 51. Qxc4 Qg3 52. Qc3+ Kh7 53. b4 h4 54. Ng4 h3 55. gxh3 Qxf3 56. Qxf3 1-0

[Event "Late-Titled-Tuesday-Blitz-October-03-2023"]
[Site "Chess.com"]
[Date "2023.10.03"]
[Round "8"]
[White "miraitrunks"]
[Black "WPWPWP-2015"]
[Result "0-1"]
[WhiteElo "2223"]
[BlackElo "2519"]
[TimeControl "180+1"]
[EndTime "15:25:06 PDT"]
[Termination "WPWPWP-2015 won by checkmate"]

1. e4 c5 2. Nf3 d6 3. Bc4 e6 4. O-O Nf6 5. Qe2 Be7 6. c3 O-O 7. d4 d5 8. exd5 Nxd5 9. dxc5 Bxc5 10. Nbd2 Nc6 11. Ne4 Be7 12. Bd2 b6 13. Rad1 Bb7 14. Bg5 Bxg5 15. Nfxg5 h6 16. Bxd5 exd5 17. Qh5 Ne5 18. Ne6 fxe6 19. Qxe5 Qe7 20. Nd6 Ba6 21. Rfe1 Rf6 22. Rxd5 Raf8 23. Ne4 Rf5 24. Qd6 Qe8 25. Rxf5 Rxf5 26. f3 Qg6 27. Ng3 Rf6 28. Qd8+ Kh7 29. Qc7 h5 30. Qe5 h4 31. Ne4 Rf5 32.
Qd6 h3 33. g3 Rxf3 34. Qe5 Rf5 35. Qc7 Bd3 36. Nf2 Bb5 37. Nxh3 e5 38. Rxe5 Rf1+ 39. Kg2 Qc2+ 40. Nf2 Rxf2+ 41. Kh3 Rxh2+ 42. Kg4 Qg6+ 43. Rg5 Qe4+ 44. Qf4 Be2# 0-1

[Event "Late-Titled-Tuesday-Blitz-October-03-2023"]
[Site "Chess.com"]
[Date "2023.10.03"]
[Round "8"]
[White "Krakozia"]
[Black "GoltsevDmitry2000"]
[Result "1-0"]
[WhiteElo "2974"]
[BlackElo "2683"]
[TimeControl "180+1"]
[EndTime "15:25:09 PDT"]
[Termination "Krakozia won by checkmate"]

1. e4 e6 2. d4 d5 3. exd5 exd5 4. Nf3 Nf6 5. Bd3 c5 6. O-O Be7 7. dxc5 Bxc5 8. Re1+ Be6 9. Nc3 O-O 10. h3 Qd6 11.
Nb5 Qb6 12. Be3 Nbd7 13. Nbd4 Rfe8 14. Rb1 Qc7 15. c3 a6 16. Qc2 Ne4 17. Rbd1 Ndf6 18.
Qc1 Bd7 19. Bf4 Qb6 20. Bf1 Rac8 21. Be3 Ba4 22. Rd3 Bd7 23. Nc2 Bb5 24. Bxc5 Qxc5 25.
Rd4 Bxf1 26. Rxf1 Nd6 27. Ne3 Nb5 28. Rdd1 Re4 29. Nf5 Nd6 30. Nxg7 d4 31. Qh6 Nfe8 32. Ng5 Nxg7 33. Qxh7+ Kf8 34. Nxe4 Nxe4 35. Qxe4 dxc3 36. bxc3 Qxc3 37. Qxb7 Qc5 38. Qxa6 Ne6 39. Rc1 Qxc1 40. Rxc1 Rxc1+ 41. Kh2 Rc2 42. Qa3+ Kg7 43. Qb3 Re2 44. a4 Re1 45. Qc3+ Nd4 46. Qxe1 Nf5 47. Qe5+ Kg6 48. a5 f6 49. Qe8+ Kh6 50. a6 Nh4 51. a7 Ng6 52.
a8=Q Kh5 53. Qf3+ Kh6 54. Qg4 Ne5 55. Qeh5# 1-0

[Event "Late-Titled-Tuesday-Blitz-October-03-2023"]
[Site "Chess.com"]
[Date "2023.10.03"]
[Round "8"]
[White "Vegan4future"]
[Black "Joshukid"]
[Result "0-1"]
[WhiteElo "2401"]
[BlackElo "2558"]
[TimeControl "180+1"]
[EndTime "15:25:09 PDT"]
[Termination "Joshukid won by resignation"]

1. d4 Nf6 2. Nc3 c6 3. Bf4 d5 4.
e3 h6 5. h4 Bf5 6. f3 e6 7. g4 Bg6 8. Bd3 Bxd3 9. Qxd3 Bd6 10.
Nge2 Qc7 11. O-O-O Nbd7 12. g5 Nh5 13. Bxd6 Qxd6 14. f4 hxg5 15. hxg5 O-O-O 16. Rh3 g6 17. Rdh1 Rhf8 18. Ng3 Nxg3 19. Rxg3 a6 20. Rgh3 c5 21. Ne2 cxd4 22. exd4 Nb8 23. c3 Nc6 24. Kb1 Ne7 25. Rh7 Nf5 26. a4 Kb8 27. Rf1 Qb6 28. Ka2 a5 29.
Qb5 Qxb5 30. axb5 Ka7 31. Kb3 Kb6 32. Ka4 Ne3 33. Rf3 Nc4 34. b3 Nd6 35. c4 dxc4 36. bxc4 Nxc4 37. Rc3 Nd6 38. Rc5 Rc8 39. Nc3 Rxc5 40.
dxc5+ Kxc5 41. Rh1 Kd4 42. Rd1+ Kc5 43. Ne2 Nf5 44.
Rc1+ Kb6 45. Rd1 Rc8 46. Rd7 Rc4+ 47. Kb3 Rb4+ 48. Kc3 Re4 49. Kd3 Re3+ 50. Kd2 Rb3 51. Rxf7 Kxb5 52. Rf6 a4 53. Nc1 Rb4 54. Rxe6 Rxf4 55.
Rxg6 Rg4 56. Rg8 a3 57. Kc2 Nd4+ 58. Kc3 Nf3 59. g6 Rc4+ 60. Kb3 Rxc1 61. Kxa3 Rg1 62. g7 Ne5 63. Kb3 Nd7 64. Kc3 Nc5 65. Kd4 Rxg7 66. Rb8 Na6 67. Ke5 Nxb8 0-1

[Event "Late-Titled-Tuesday-Blitz-October-03-2023"]
[Site "Chess.com"]
[Date "2023.10.03"]
[Round "8"]
[White "Kosak12"]
[Black "dropstoneDP"]
[Result "1-0"]
[WhiteElo "2821"]
[BlackElo "3050"]
[TimeControl "180+1"]
[EndTime "15:25:12 PDT"]
[Termination "Kosak12 won on time"]

1. e4 e5 2. Nf3 Nf6 3. Nxe5 d6 4. Nf3 Nxe4 5. Nc3 Nxc3 6. dxc3 Be7 7. Be3 O-O 8. Qd2 Nd7 9. O-O-O c6 10. h4 d5 11. Bd3 Nf6 12. h5 Bg4 13. h6 g6 14.
Bf4 Bc5 15. Rde1 Ne4 16. Bxe4 dxe4 17. Qxd8 Raxd8 18. Rxe4 Rfe8 19. Rhe1 Rxe4 20. Rxe4 f5 21. Re2 Bxf3 22. gxf3 Kf7 23. b4 Bf8 24. Bg5 Rd7 25. a3 b5 26. Kb2 Rd1 27. Kb3 Rb1+ 28. Ka2 Rh1 29. Kb3 Rb1+ 30. Ka2 Rh1 31. Kb3 a6 32. c4 Rh3 33. Re3 Bxh6 34. Bxh6 Rxh6 35. cxb5 cxb5 36. c4 bxc4+ 37. Kxc4 Rh2 38. Kc5 Rxf2 39. Kb6 f4 40. Rc3 h5 41. Kxa6 h4 42. b5 h3 43. b6 h2 44. Rc1 Rxf3 45. a4 Rb3 46. a5 f3 47. Kb7 f2 48. a6 Rg3 49. a7 Rg1 50. Rc7+ Kf6 51. Rc6+ Kg5 52. a8=Q h1=Q 53. Qd8+ 1-0

[Event "Late-Titled-Tuesday-Blitz-October-03-2023"]
[Site "Chess.com"]
[Date "2023.10.03"]
[Round "8"]
[White "quvnoq_muxlis"]
[Black "josiur"]
[Result "0-1"]
[WhiteElo "2744"]
[BlackElo "2521"]
[TimeControl "180+1"]
[EndTime "15:25:13 PDT"]
[Termination "josiur won by checkmate"]

1. e4 c6 2. d4 d5 3. Nc3 dxe4 4. Nxe4 Nf6 5. Nxf6+ exf6 6. c3 Bd6 7. Bd3 O-O 8. Qc2 Re8+ 9. Ne2 h5 10. h3 Nd7 11. Bd2 Nf8 12. O-O-O Be6 13. Kb1 b5 14. Rhg1 a5 15. g4 h4 16. g5 f5 17. Nc1 g6 18.
Rge1 Qb6 19. f4 Qc7 20. Rf1 Reb8 21. c4 bxc4 22. Bxc4 a4 23. Nd3 Qb6 24. Be3 Bd5 25.
Bxd5 cxd5 26. Nc5 Re8 27. Qf2 Rab8 28. Rfe1 Qb4 29. Bc1 Rxe1 30. Rxe1 Rc8 31. Be3 Bxc5 32. dxc5 Ne6 33. Rd1 d4 34. Bd2 Qxc5 35. Rc1 Qf8 36.
Qxh4 Rxc1+ 37. Bxc1 Qc5 38. Qf2 Qd5 39. Qc2 Qe4 40. b3 axb3 41. axb3 Nc5 42. b4 Nd3 43. Bd2 Qh1+ 44. Ka2 Qxh3 45. b5 Qf3 46. Qc8+ Kg7 47.
b6 Qd5+ 48. Ka1 Qb3 49. b7 Qb2# 0-1

[Event "Late-Titled-Tuesday-Blitz-October-03-2023"]
[Site "Chess.com"]
[Date "2023.10.03"]
[Round "8"]
[White "chessmoo"]
[Black "Mikhail_Golubev"]
[Result "0-1"]
[WhiteElo "2461"]
[BlackElo "2604"]
[TimeControl "180+1"]
[EndTime "15:25:14 PDT"]
[Termination "Mikhail_Golubev won by resignation"]

1. c4 g6 2. g3 Bg7 3. Bg2 e5 4. Nc3 Nc6 5. e3 d6 6. Nge2 Nf6 7. d4 O-O 8. O-O exd4 9. Nxd4 Nxd4 10. Qxd4 Ng4 11. Qd2 Ne5 12. b3 Bh3 13. f4 Bxg2 14. Kxg2 Ng4 15. h3 Nf6 16. Bb2 Re8 17. Rae1 Qd7 18.
e4 Qc6 19. Nd5 Nxe4 20. Rxe4 Rxe4 21. Bxg7 Kxg7 22. Qc3+ Kg8 23. Nf6+ Kf8 24. Nxe4 Qxe4+ 25. Qf3 Re8 26. Qxe4 Rxe4 27. Kf3 f5 28. Rd1 Ke7 29. Kf2 b6 30. Rd2 a6 31. Rd1 b5 32. cxb5 axb5 33. Kf3 b4 34. Ra1 d5 35. a4 bxa3 36. Rxa3 Rb4 37.
g4 fxg4+ 38. hxg4 h6 39. Kg3 Kd6 40. Kf3 c6 41. Ke3 g5 42. fxg5 hxg5 43. Kf3 Rf4+ 44. Kg3 Rb4 45. Kf3 Ke5 46. Kg3 c5 47. Kf3 Kd4 48. Kg3 Kc3 49. Ra5 Rxb3 50. Ra8 Kd4+ 51. Kf2 c4 52. Rg8 c3 53. Ke2 Rb2+ 54. Kd1 Kd3 55.
Kc1 Rg2 56. Kb1 Rg1+ 57. Ka2 c2 58. Rxg5 c1=Q 59. Rxd5+ Kc4 60. Rc5+ Kxc5 61. g5 Kb4 0-1

[Event "Late-Titled-Tuesday-Blitz-October-03-2023"]
[Site "Chess.com"]
[Date "2023.10.03"]
[Round "8"]
[White "rasmussvane"]
[Black "kuli4ik"]
[Result "0-1"]
[WhiteElo "2984"]
[BlackElo "2940"]
[TimeControl "180+1"]
[EndTime "15:25:15 PDT"]
[Termination "kuli4ik won by checkmate"]

1. Nf3 g6 2. g3 Bg7 3. d4 d6 4.
Bg2 Nd7 5. O-O e5 6. Nc3 exd4 7.
Nxd4 Ngf6 8. e4 O-O 9. h3 Re8 10. Bf4 Nc5 11. Re1 Ne6 12. Be3 Bd7 13. Qd2 Bc6 14.
Nxc6 bxc6 15. e5 dxe5 16. Bxc6 Nd4 17. Bxa8 Qxa8 18. Bxd4 exd4 19. Qxd4 Ne4 20. Qd5 Nxc3 21. Rxe8+ Qxe8 22. bxc3 Bxc3 23. Rd1 Kg7 24. Qc5 Bf6 25. Qxc7 Qa4 26. c4 Qxd1+ 27. Kg2 Qa4 28. c5 Qe4+ 29. Kf1 Qd3+ 30. Kg2 Qd5+ 31. Kf1 Bd4 32. c6 Qf3 33.
Ke1 Bxf2+ 34. Kd2 Bxg3 35. Qd7 Qf4+ 36. Kc2 Qc7 37. Qd5 Be5 38. a4 Qd6 39. Qc4 Qe6 40. Qb5 Bc7 41. Qb2+ Qf6 42. Qb7 Qf5+ 43. Kd2 Bb6 44.
h4 Qf4+ 45. Kd3 Qxa4 46. Qd7 Qxh4 47. Kc2 Qf2+ 48. Kb3 Qc5 49. Qe8 h5 50. Qe4 a5 51.
Ka4 Qb4+ 52. Qxb4 axb4 53. Kxb4 h4 54. Kb5 Bc7 55. Ka6 h3 56. Kb7 Bd6 57. c7 Bxc7 58.
Kc8 h2 59. Kd7 h1=Q 60. Ke8 Qd5 61. Ke7 Qd8# 0-1

[Event "Late-Titled-Tuesday-Blitz-October-03-2023"]
[Site "Chess.com"]
[Date "2023.10.03"]
[Round "8"]
[White "alexrustemov"]
[Black "ozates"]
[Result "1-0"]
[WhiteElo "2823"]
[BlackElo "2636"]
[TimeControl "180+1"]
[EndTime "15:25:17 PDT"]
[Termination "alexrustemov won by resignation"]

1. d4 Nf6 2. c4 e6 3. Nf3 d5 4.
Nc3 c5 5. cxd5 Nxd5 6. g3 cxd4 7. Nxd5 Qxd5 8. Qxd4 Qxd4 9. Nxd4 Bb4+ 10. Bd2 Bxd2+ 11.
Kxd2 O-O 12. Bg2 Rd8 13. Ke3 e5 14. Nb5 Nc6 15. Bxc6 bxc6 16. Nc3 Be6 17. Rhd1 f6 18. b3 Kf7 19. Na4 h5 20. Nc5 Bd5 21. f3 h4 22.
g4 g6 23. Nd3 Ke6 24. Rac1 f5 25. gxf5+ gxf5 26. Nb4 f4+ 27. Kf2 Rac8 28. Rg1 a5 29.
Nd3 Rg8 30. Nc5+ Kf5 31. e4+ fxe3+ 32. Kxe3 h3 33. Rg3 Rxg3 34. hxg3 Rg8 35. Kf2 e4 36. fxe4+ Bxe4 37. Nxe4 Kxe4 38. Rc4+ Kf5 39. Rh4 Rd8 40. Ke3 a4 41. bxa4 Ra8 42. Kd3 h2 43. Rxh2 Rxa4 44. Rg2 Kg4 45. Kc3 Kf3 46. Kb3 Rg4 47. Rc2 Rg6 48. Rc3+ Ke4 49. Kc4 Rg5 50. a4 Ra5 51. Kb4 Ra6 52. a5 Kd4 53. g4 Kd5 54. g5 Ra8 55. Rd3+ Ke4 56. Rc3 Kd5 57. Ra3 c5+ 58. Kc3 Kc6 59. a6 Kb6 60. a7 1-0

[Event "Late-Titled-Tuesday-Blitz-October-03-2023"]
[Site "Chess.com"]
[Date "2023.10.03"]
[Round "8"]
[White "FabianoCaruana"]
[Black "Hikaru"]
[Result "1/2-1/2"]
[WhiteElo "3082"]
[BlackElo "3276"]
[TimeControl "180+1"]
[EndTime "15:25:19 PDT"]
[Termination "Game drawn by repetition"]

1. d4 Nf6 2. c4 e6 3. Nf3 b6 4.
g3 Bb7 5. Bg2 Bb4+ 6. Bd2 Bxd2+ 7.
Qxd2 O-O 8. O-O d6 9. Nc3 Ne4 10. Qc2 Nxc3 11. Qxc3 Nd7 12. Rfe1 Nf6 13. Rad1 Qe7 14.
Nh4 Bxg2 15. Nxg2 e5 16. e4 Rfd8 17. f3 Re8 18. Ne3 Rad8 19. Nf5 Qe6 20. Kg2 g6 21. Ne3 c5 22. dxc5 dxc5 23. Nd5 Rc8 24. f4 Nd7 25. Qf3 f5 26. exf5 Qxf5 27. Ne3 Qf7 28. Ng4 Kh8 29. fxe5 Qxf3+ 30. Kxf3 Nf8 31. Nf6 Re7 32. Ke4 Ne6 33.
Rd7 Rxd7 34. Nxd7 Rd8 35. Rd1 Nd4 36. Nf6 Kg7 37. b4 Rb8 38. Nd7 Rc8 39. bxc5 bxc5 40.
Nxc5 Nf5 41. Rd7+ Kh6 42. Ne6 Rxc4+ 43. Kd5 Ra4 44. Nf8 Ra5+ 45. Ke6 Ng7+ 46. Kf6 Nh5+ 47. Ke6 Ng7+ 48. Kd6 Nf5+ 49. Kc6 Rxe5 50. h4 Kh5 51. Nxh7 Nxg3 52. Rxa7 Kxh4 53. Nf8 Kg4 54. a4 g5 55. a5 Nf5 56. a6 Nd4+ 57. Kb6 Rb5+ 58. Kc7 Ra5 59. Kb6 Rb5+ 60. Kc7 Ra5 61. Kb6 Rb5+ 1/2-1/2

[Event "Late-Titled-Tuesday-Blitz-October-03-2023"]
[Site "Chess.com"]
[Date "2023.10.03"]
[Round "8"]
[White "arminmusovic"]
[Black "Danishcrown"]
[Result "0-1"]
[WhiteElo "2494"]
[BlackElo "2181"]
[TimeControl "180+1"]
[EndTime "15:25:19 PDT"]
[Termination "Danishcrown won by resignation"]

1. a3 d5 2. Nc3 Nf6 3. d3 e5 4. Bg5 Be7 5. e4 dxe4 6. dxe4 Qxd1+ 7. Rxd1 c6 8. f4 exf4 9. Bxf4 Bg4 10. Nf3 Nbd7 11.
h3 Be6 12. Bd3 Nc5 13. O-O a5 14. Bc7 O-O 15. Ng5 Nxd3 16. cxd3 Bb3 17. Rc1 Bc5+ 18.
Kh1 Be3 19. Nf3 Bxc1 20. Rxc1 Rfc8 21. Be5 Nd7 22. Bd6 Be6 23. d4 f6 24. Re1 Bf7 25.
Kh2 Nb6 26. Re2 Nc4 27. Bg3 b5 28. e5 b4 29. axb4 axb4 30. Ne4 Bd5 31. exf6 Bxe4 32. f7+ Kxf7 33. Ng5+ Kg8 34. Rxe4 Re8 35. Rh4 h6 36. Nf3 Nxb2 37. Ne5 b3 38. d5 cxd5 39. Rb4 Nc4 40.
Nxc4 dxc4 41. Rxc4 Rab8 42. Bxb8 Rxb8 43. Rc1 b2 44. Rb1 Kf7 45. Kg3 Kf6 46. Kf3 Kg5 47.
Kg3 Rb3+ 48. Kf2 Kf4 49. g3+ Ke4 50. Ke2 Rxg3 51. Kf2 Rb3 52. Ke2 Kf4 53. Kd2 Kg3 54. Kc2 Rb8 55. Rg1+ Kh2 56. Rb1 g5 57. h4 g4 58. h5 g3 59. Kd3 g2 60. Rh1+ 0-1

[Event "Late-Titled-Tuesday-Blitz-October-03-2023"]
[Site "Chess.com"]
[Date "2023.10.03"]
[Round "8"]
[White "mishanick"]
[Black "Alexei_Gubajdullin"]
[Result "1-0"]
[WhiteElo "3009"]
[BlackElo "2758"]
[TimeControl "180+1"]
[EndTime "15:25:20 PDT"]
[Termination "mishanick won on time"]

1. d4 Nf6 2. c4 g6 3. Nc3 Bg7 4. e4 d6 5. Bd3 O-O 6. Nge2 Na6 7. f3 c5 8. d5 e6 9. Bg5 h6 10. Bh4 exd5 11. cxd5 Nb4 12. Bb1 c4 13. a3 Na6 14.
O-O b5 15. Nxb5 Qb6+ 16. Nbd4 Qxb2 17. Ra2 Qb6 18. Bf2 Nc5 19. Nc6 Ba6 20. Nc3 Ng4 21. fxg4 Bxc3 22. e5 dxe5 23. Qc1 Bd4 24. Nxd4 exd4 25.
Bxd4 Nb3 26. Bxb6 Nxc1 27. Rxc1 axb6 28. a4 Bb7 29. Be4 Rfd8 30. Rxc4 Bxd5 31. Bxd5 Rxd5 32. Rb2 Rda5 33. Rbb4 Kg7 34. Kf2 R8a6 35. Ke3 h5 36. gxh5 Rxh5 37. h4 Re5+ 38. Kd3 Rd5+ 39. Rd4 Rda5 40.
Kc3 Re5 41. Re4 Rf5 42. Rf4 Re5 43. Kd3 Rd5+ 44. Rfd4 Rf5 45. g4 Rf2 46. Kc4 Rh2 47.
Kb5 Ra8 48. g5 Rb8 49. Ka6 Ra2 50. Ka7 Rc8 51. Rxb6 Rc3 52. Ka6 Rf3 53. Rb5 Rff2 54. a5 Rf3 55. Kb6 Re3 56. Rc4 Re6+ 57. Rc6 Re4 58.
a6 Rxh4 59. Kb7 Rha4 60. Rd5 R4a3 61. Rf6 Rb3+ 62. Rb6 Rba3 63. Rc5 Ra4 64. Ka7 R4a3 65. Rc7 Ra4 66. Rf6 Kg8 67. Kb7 Rb4+ 68. Kc8 Rba4 69.
Rcxf7 1-0

[Event "Late-Titled-Tuesday-Blitz-October-03-2023"]
[Site "Chess.com"]
[Date "2023.10.03"]
[Round "8"]
[White "FERNANDEZL1983"]
[Black "Good_Knight_Kiss"]
[Result "0-1"]
[WhiteElo "2593"]
[BlackElo "2435"]
[TimeControl "180+1"]
[EndTime "15:25:20 PDT"]
[Termination "Good_Knight_Kiss won on time"]

1. e4 c5 2. Nf3 d6 3. d4 cxd4 4. Nxd4 Nf6 5. Nc3 a6 6. Bg5 e6 7.
f4 Be7 8. Qe2 h6 9. Bxf6 Bxf6 10.
O-O-O Qb6 11. e5 dxe5 12. fxe5 Be7 13. h4 Nc6 14. Nxc6 bxc6 15. Ne4 Rb8 16. c3 Qa5 17. Nd6+ Bxd6 18. exd6 Bd7 19. a3 Rb6 20. g4 O-O 21. g5 Rfb8 22. Rd2 e5 23. Rh2 Bf5 24. Qc4 Qxa3 25. Kd1 Qa1+ 26. Ke2 Rxb2 27. Kf3 e4+ 28. Kf4 Be6 29. Qxa6 Qc1 30. Ke3 Qxc3+ 31. Kxe4 Rxd2 32. Rxd2 Qxd2 33. Qd3 Qxd3+ 34. Bxd3 Rd8 35. Ke5 hxg5 36. hxg5 Bd5 37. Bf5 Kf8 38. g6 fxg6 39. Bxg6 Bf7 40. Be4 c5 41. Bc6 c4 42. Ba4 c3 43. Bc2 g5 44. Bf5 Kg7 45. Bc2 Bg6 46. Bb3 c2 47. Ke6 c1=Q 48. Ke7 Rxd6 49. Kxd6 Qc3 50. Bd5 Qd3 51.
Ke5 Bh7 52. Be6 g4 53. Bf5 Qe3+ 54. Kd6 Bxf5 55. Kc7 g3 0-1

[Event "Late-Titled-Tuesday-Blitz-October-03-2023"]
[Site "Chess.com"]
[Date "2023.10.03"]
[Round "8"]
[White "Angry_Twin"]
[Black "Msb2"]
[Result "0-1"]
[WhiteElo "2933"]
[BlackElo "3068"]
[TimeControl "180+1"]
[EndTime "15:25:21 PDT"]
[Termination "Msb2 won by resignation"]

1. e4 e6 2. d4 d5 3. Nc3 Nf6 4. e5 Nfd7 5. f4 c5 6. Nf3 Nc6 7. Be3 a6 8. Qd2 b5 9. dxc5 Bxc5 10. Bd3 Qb6 11. Bf2 Bb7 12. O-O h6 13. a3 Bxf2+ 14.
Qxf2 Qxf2+ 15. Kxf2 g5 16. g3 g4 17. Ne1 h5 18. Ng2 O-O-O 19. b4 f6 20. exf6 Nxf6 21. Rfe1 Rhe8 22. Nh4 e5 23. Bg6 Re7 24. Bf5+ Kb8 25. Ng6 Rc7 26. fxe5 Nxe5 27. Nxb5 axb5 28. Nxe5 Ne4+ 29.
Bxe4 dxe4 30. Re2 Rd6 31. Rae1 Rc3 32. Kg1 Rxa3 33. Nf7 Rd4 34. Ng5 e3 35. Rxe3 Rxe3 36. Rxe3 Rd2 37. Re8+ Ka7 38. Ne6 Rg2+ 39. Kf1 Rxh2 40.
Nc5 Bd5 41. Re5 Bf3 42. c3 h4 43. Ne4 h3 44. Re7+ Kb6 45. Re6+ Kb7 46. Nc5+ Kc7 47. Rh6 Rg2 48. Rh7+ Kd6 49. Rh5 Rxg3 50. Kf2 Rg2+ 51.
Ke3 h2 52. Rh6+ Ke7 53. Nd3 Re2+ 54. Kd4 h1=Q 55. Rxh1 Bxh1 56. Kc5 g3 57. Nf4 Re5+ 58. Kd4 Re4+ 59. Kd3 Rxf4 0-1